cohdb
Replays
Latest Replays
All Replays
Popular Replays
Top Player Replays
Match Explorer
How It Works
Community
CoH3 Stats
Reddit
Sign in to upload your games and track your stats! →
Sign in with Steam
Match 46540417
Unlisted
Match 46540417
Overview
Messages
Build Orders
End
Construct Barracks
Riflemen Squad
M1 Mortar Team
Riflemen Squad
Riflemen Squad
Selects Advanced Infantry Battlegroup
Infantry Support Center
Selects Convert to Ranger Squad
Convert to Ranger Squad
Grenade Package
Selects Frontline Medical Station
Convert to Ranger Squad
Frontline Medical Station
M1 Mortar Team
Advanced Logistics
Engineer Squad
Survival Training
.30 cal Machine Gun
Selects Ammunition Storage
Selects Ranger Weapon Training
Convert to Ranger Squad
Construct Motor Pool
Selects Ammunition Storage
M1 Anti-tank Gun Team
versonlego
Why So Serious !!!!!!
罗小仙
crilles
[PD]Lurgi
[PD] [9C] [FT] Claudius Tacitus
Nico-Nico-Nii~~
CPT. ZUGLUFT
0
0
Comments
sign in to comment!
No comments posted yet!